 Dungeon Crawl Stone Soup version 0.31-a0-983-g7b6862f502 (webtiles) character file.

Game seed: 466351418262979227

106 horus123 the Magician (level 4, -2/24 HPs)
             Began as a Deep Elf Conjurer on Nov 3, 2023.
             Was an Initiate of Makhleb.
             Slain by an orc wizard
             ... wielding a +3 dagger
              (5 damage)
             ... on level 3 of the Dungeon.
             The game lasted 00:03:29 (2455 turns).

horus123 the Magician (Deep Elf Conjurer)           Turns: 2455, Time: 00:03:29

Health: -2/24      AC:  2    Str:  4    XL:     4   Next: 55%
Magic:  2/13       EV: 12    Int: 25    God:    Makhleb [......]
Gold:   80         SH:  0    Dex: 13    Spells: 7/13 levels left

rFire   . . .        d - +0 short sword
rCold   . . .        (no shield)
rNeg    . . .        a - +0 robe
rPois   .            (no helmet)
rElec   .            (no cloak)
rCorr   .            (no gloves)
SInv    .            (no boots)
Will    .....        (no amulet)
Stlth   ++           (no ring)
HPRegen 0.24/turn    (no ring)
MPRegen 0.13/turn

%: no passive effects
@: no status effects
A: no striking features
a: Renounce Religion


You were on level 3 of the Dungeon.
You worshipped Makhleb.
Makhleb was noncommittal.
You visited 1 branch of the dungeon, and saw 3 of its levels.

You collected 80 gold pieces.

Inventory:

Hand Weapons
 d - a +0 short sword (weapon)
Armour
 a - a +0 robe (worn)
Wands
 l - a wand of iceblast (4)
Scrolls
 h - a scroll of brand weapon {unknown}
 i - 2 scrolls of identify {unknown}
 j - 2 scrolls of teleportation {unknown}
 k - a scroll of vulnerability {unknown}
 m - a scroll of fog {unknown}
 n - a scroll of silence {unknown}
Potions
 b - 2 potions of magic
 c - a potion of might {unknown}
 e - a potion of brilliance {unknown}
 f - a potion of cancellation {unknown}
 g - 2 potions of attraction {unknown}


   Skills:
 - Level 2.4 Dodging
 - Level 2.4 Stealth
 - Level 5.0 Spellcasting
 - Level 5.0 Conjurations
 + Level 2.6 Necromancy


You had 7 spell levels left.
You knew the following spells:

 Your Spells              Type           Power      Damage    Failure   Level
a - Magic Dart            Conj           100%       1d8       1%          1
b - Searing Ray           Conj           62%        2d6       1%          2
c - Vampiric Draining     Necr           19%        2d7       9%          3

Your spell library contained the following spells:

 Spells                   Type           Power      Damage    Failure   Level
 Necrotise                Necr           76%        1d7       2%          1
 Dazzling Flash           Conj/Hex       36%        N/A       9%          3
 Fulminant Prism          Conj/Hex       9%         3d7       28%         4
 Iskenderun's Mystic Bla  Conj/Tloc      18%        2d6       28%         4
 Agony                    Necr           19%        N/A       61%         5


Dungeon Overview and Level Annotations

Branches:
Dungeon (3/15)

Altars:
Makhleb
Ru
Uskayaw
Zin

Shops:
D:3 =


Message History

You start resting.
An orc wizard comes into view. It is wielding a +3 dagger.
An orc wizard is nearby!
The orc wizard shouts!
The orc wizard casts a spell.
The orc wizard flickers and vanishes!
Deactivating autopickup; reactivate with Ctrl-A.
You start resting.
There is a strange disturbance nearby!
There is a strange disturbance nearby!
You are confused.
You bump into the rock wall.
Something hits you.
You closely miss something. Something hits you.
You completely miss something.
You feel less confused. Something barely misses you.
You miss something. Something hits you.
You miss something. Something hits you.
You hit something. Something hits you.
You miss something.
You hear some strange, mumbled words.
Something tries to affect you, but you resist.
You hit something. Your punch misses something. Something hits you.
You closely miss something. Something hits you.
Casting: Magic Dart (safe; 1% risk of failure)
Confirm with . or Enter, or press ? or * to list all spells.
You can't see any susceptible monsters within range! (Use Z to cast anyway.) Unknown command.
Unknown command.
Aiming: Magic Dart (safe; 1% risk of failure)
Press: ? - help, Q - select action, (/) - cycle Shift-Dir - straight line The magic dart hits something.
Something hits you.
* * * LOW HITPOINT WARNING * * *
Aiming: Magic Dart (safe; 1% risk of failure)
Press: ? - help, Q - select action, (/) - cycle Shift-Dir - straight line The magic dart hits something but does no damage.
Something hits you.
You die...

#<#...........##.._..##...
#...####..<...<##########.
##..# #.......###2# ##
#..# #........####
#..####........#####
#.....>............#
###..####..........#.##
....# #..........#..#
#..####.@........##.#
###..#....{...####..#.#
#.........###.# ##.#.#
#.......#.# #.# #....#
#.......#.###.#########
#................#
#.....).#.#....###
#.......#.#{#.##
#....>....#.###


There were no monsters in sight!

Vanquished Creatures
  A gnoll (D:1)
  An adder (D:2)
  3 worms
  2 dart slugs (D:1)
  6 orcs (D:3)
  5 bats
  7 endoplasms
  2 giant cockroaches
  6 goblins
  6 hobgoblins
  4 quokkas
  3 ball pythons
  7 frilled lizards
  6 kobolds
  7 rats
66 creatures vanquished.

Notes
Turn   | Place    | Note
-------+----------+-------------------------------------------
     0 | D:1      | horus123 the Deep Elf Conjurer began the quest for the Orb.
     0 | D:1      | Reached XP level 1. HP: 10/10 MP: 6/6
   317 | D:1      | Reached XP level 2. HP: 15/15 MP: 6/9
   520 | D:1      | Reached XP level 3. HP: 18/19 MP: 1/11
   640 | D:1      | Reached skill level 5 in Spellcasting
   643 | D:1      | Learned a level 2 spell: Searing Ray
  1356 | D:2      | Reached skill level 5 in Conjurations
  1413 | D:2      | Learned a level 3 spell: Vampiric Draining
  1567 | D:2      | Found a sacrificial altar of Ru.
  1633 | D:2      | Reached skill level 1 in Necromancy
  1633 | D:2      | Reached XP level 4. HP: 24/24 MP: 10/13
  1936 | D:3      | Found a burning altar of Makhleb.
  1942 | D:3      | Found a glowing silver altar of Zin.
  1944 | D:3      | Noticed an angel
  1944 | D:3      | Noticed a green death
  1960 | D:3      | Became a worshipper of Makhleb the Destroyer
  2086 | D:3      | Found a hide-covered altar of Uskayaw.
  2087 | D:3      | Noticed a +0 dagger
  2088 | D:3      | Noticed a +0 dagger
  2108 | D:3      | Found Qanlul's Jewellery Shop.
  2455 | D:3      | Slain by an orc wizard

Illustrated notes

Levels and vault maps discovered:
D:1:      ldierk_walled_garden, layout_basic, minmay_split_cup_small
D:2:      layout_rooms, basic_altar
D:3:      minmay_spotlight, layout_loops_ring, mainiacjoe_overflow_catwalk,
          dancing_weapons_uskayaw, grunt_temple_overflow_order_and_chaos_2,
          serial_shops, shop, pf_guarded_unrand_delatra

Skill      XL: |  1  2  3  4 |
---------------+-------------+-----
Spellcasting   | 4 5 |  5.0
Conjurations   | 5 |  5.0
Necromancy     | 1 2 |  2.6
Dodging        | |  2.4
Stealth        | |  2.4

Action                     |  1- 3 |  4- 6 || total
---------------------------+-------+-------++-------
  Melee: Short sword       |       |    10 ||    10
   Cast: Magic Dart        |    81 |    60 ||   141
 Armour: Robe              |     3 |    12 ||    15
  Dodge: Dodged            |     8 |    11 ||    19

Table legend: (Time is in decaauts)
 A = Elapsed time spent in this place.
 B = Non-inter-level travel time spent in this place.
 C = Inter-level travel time spent in this place.
 D = Time resting spent in this place.
 E = Time spent auto-exploring this place.
 F = Levels seen in this place.
 G = Mean time per level.
                   A        B        C        D        E       F      G
               +--------+--------+--------+--------+--------+-----+--------+
         Total |   2455 |   2411 |     44 |    175 |   1899 |   3 |  818.3 |
       Dungeon |   2455 |   2411 |     44 |    175 |   1899 |   3 |  818.3 |
               +--------+--------+--------+--------+--------+-----+--------+

Top non-repeatable levels by time:
     D:1: 1192 daAuts
     D:2: 702 daAuts
     D:3: 560 daAuts
